 Dungeon Crawl Stone Soup version 0.26-a0-1060-g086102a3f0 (webtiles) character file.

Game seed: 11941665031712416569

73 Goblin1989 the Ducker (level 4, 0/31 HPs)
             Began as an Octopode Chaos Knight on Dec 13, 2020.
             Was a Plaything of Xom.
             Slain by an adder (1 damage)
             ... on level 3 of the Dungeon.
             The game lasted 00:02:15 (1553 turns).

Goblin1989 the Ducker (Octopode Chaos Knight)       Turns: 1553, Time: 00:02:16

Health: 0/31       AC:  1    Str: 12    XL:     4   Next: 27%
Magic:  4/4        EV: 15    Int: 14    God:    Xom [..*...]
Gold:   85         SH:  0    Dex: 17    Spells: 3/3 levels left

rFire    . . .     SeeInvis .   a - +0 spear (chaos)
rCold    + . .     Faith    .   (no shield)
rNeg     . . .     Spirit   .   (helmet restricted)
rPois    .         Reflect  .   (no amulet)
rElec    .         Harm     .   c - ring of protection from cold
rCorr    .         Rampage  .   e - +6 ring of dexterity
Will     .....                  (no ring)
Stlth    ++........             (no ring)
HPRegen  0.10/turn              (no ring)
MPRegen  0.09/turn              (no ring)
                                (no ring)
                                (no ring)

@: confused, slowed, very slow
A: almost no armour, stealthy swim, amphibious, 8 rings, constrict 8, camouflage
1, gelatinous body 1
a: Renounce Religion


You were on level 3 of the Dungeon.
You worshipped Xom.
You were a toy of Xom.
You visited 1 branch of the dungeon, and saw 3 of its levels.

You collected 85 gold pieces.

Inventory:

Hand Weapons
 a - a +0 spear of chaos (weapon)
 o - a +2 short sword of draining
Missiles
 b - 191 stones (quivered) {@Q3}
Jewellery
 c - a ring of protection from cold (left tentacle)
 e - a +6 ring of dexterity (right tentacle)
 f - a cursed amulet of inaccuracy {unknown}
Scrolls
 d - 2 scrolls of identify {unknown}
 g - a scroll of immolation {unknown}
 h - a scroll of teleportation {unknown}
 k - a scroll of remove curse {unknown}
 l - a scroll of magic mapping {unknown}
 n - a scroll of fog {unknown}
Potions
 i - a potion of curing {unknown}
 j - 2 potions of flight {unknown}
 m - 3 potions of might {unknown}


   Skills:
 + Level 3.5 Fighting
 - Level 3.0 Polearms
 * Level 3.6 Dodging
 + Level 1.7 Unarmed Combat


You had 3 spell levels left.
You didn't know any spells.
Your spell library was empty.

Dungeon Overview and Level Annotations

Branches:
Dungeon (3/15)

Altars:


Innate Abilities, Weirdness & Mutations

You cannot wear most types of armour.
You are very stealthy in the water. (Stealth+)
You are amphibious.
You can wear up to eight rings at the same time.
You can use your tentacles to constrict eight enemies at once.
Your skin changes colour to match your surroundings (Stealth+).
Your rubbery body absorbs attacks. (AC +1, EV +1)


Message History

No target in view!
No target in view!
No target in view!
No target in view!
No target in view!
Done exploring.
Done exploring.
(D) Dungeon
Where to? (Enter - D:2, ? - help)
There is an open door here.
There is a stone staircase leading down here.
You climb downwards.
There is a stone staircase leading up here.
An orc priest comes into view. It is wielding a +0 short sword.
An orc priest is nearby!
An orc priest is nearby!
The orc priest shouts!
An adder comes into view.
An orc comes into view. It is wielding a +0 dagger.
An orc wizard comes into view. It is wielding a +0 dagger.
The orc shouts!
The orc wizard shouts!
The adder hisses angrily.
The orc priest miscasts a cantrip.
Found a short sword.
The orc priest begins to cast a cantrip, but forgets the words!
You hit the orc but do no damage. You grab the orc.
The orc struggles to blink free from constriction.
You constrict the orc, but do no damage.
The orc escapes!
You closely miss the orc. Your grab misses the orc. You squeeze the orc.
The orc is lightly wounded. "How about this?"
You do an impromptu tapdance.
The orc misses you. The adder closely misses you.
You hit the orc but do no damage. Your grab misses the orc.
The orc is lightly wounded.
The orc priest calls down the wrath of Beogh upon you.
Pain shoots through your body! The adder barely misses you.
The orc hits you with a +0 dagger. The orc wizard casts a spell at you.
You feel yourself slow down.
You take 13 damage, and have 18/31 hp.
MASSIVE DAMAGE!!
You are too injured to fight recklessly!
You are too injured to fight recklessly!
You are too injured to fight recklessly!
You are too injured to fight recklessly!
You are too injured to fight recklessly!
You are too injured to fight recklessly!
You are too injured to fight recklessly!
You are too injured to fight recklessly!
You are too injured to fight recklessly!
You are too injured to fight recklessly!
You are too injured to fight recklessly!
You are too injured to fight recklessly!
You are too injured to fight recklessly!
You are too injured to fight recklessly!
You are too injured to fight recklessly!
You are too injured to fight recklessly!
You are too injured to fight recklessly!
You are too injured to fight recklessly!
You are too injured to fight recklessly!
You are too injured to fight recklessly!
Unknown command.
Xom makes a sudden noise!
You hear a hideous screaming!
You hear a shout! x4
The adder misses you. The orc hits you with a +0 dagger. The adder bites you.
You take 4 damage, and have 14/31 hp.
The orc wizard casts a spell.
The orc wizard seems to speed up.
The orc priest hits you with a +0 short sword.
* * * LOW HITPOINT WARNING * * *
The orc barely misses you. The adder closely misses you.
You take 3 damage, and have 11/31 hp.
An orc comes into view.
It is carrying a wand of enslavement (6).
The orc shouts!
The orc wizard mumbles some strange words.
The orc wizard blinks!
An orc comes into view. It is wielding a +0 mace.
The adder bites you but does no damage.
Found a stone staircase leading down.
The adder closely misses you. The adder barely misses you.
An orc comes into view. It is wielding a -3 club.
A hobgoblin comes into view.
The orc wizard points at you and mumbles some strange words.
The magic dart hits you!
* * * LOW HITPOINT WARNING * * *
The orc zaps a wand.
Your will is overpowered!
You are confused.
The orc wizard mumbles some strange words.
The orc wizard blinks!
There is a stone staircase leading up here.
You take 10 damage, and have 1/31 hp.
MASSIVE DAMAGE!!
Unknown command.
The orc priest calls upon Beogh to heal the orc.
The orc's wounds heal themselves!
The adder misses you. The orc hits you but does no damage.
In your confused state, you trip and fall back down the stairs.
* * * LOW HITPOINT WARNING * * *
Xom thinks this is hilarious!
The adder bites you.
You die...
Xom guffaws! .. .█.█.█ ..█.█.█. █......█ █ .██ █.g....█.█ ....██......█.█> .....o........ █....██.█..█ █.@Soo.o... █████

████o......█
█.....█.o........█
..................
..............███.
..............█
..............█
..............█
..............█


You could see an orc wizard (fast), an adder, 4 orcs and a hobgoblin.

Vanquished Creatures
  2 adders (D:2)
  A shadow imp (D:2)
  2 worms (D:2)
  2 leopard geckos (D:2)
  7 bats
  A giant cockroach (D:2)
  3 goblins
  4 hobgoblins
  2 jackals (D:1)
  A quokka (D:2)
  4 frilled lizards
  8 kobolds
  6 rats
43 creatures vanquished.

Notes
Turn   | Place    | Note
-------+----------+-------------------------------------------
     0 | D:1      | Goblin1989 the Octopode Chaos Knight began the quest for
                  | the Orb.
     0 | D:1      | Reached XP level 1. HP: 16/16 MP: 1/1
   197 | D:1      | Reached XP level 2. HP: 21/21 MP: 2/2
   607 | D:2      | Reached skill level 1 in Unarmed Combat
   607 | D:2      | Reached XP level 3. HP: 20/26 MP: 3/3
   737 | D:2      | XOM: silly message
  1218 | D:2      | Reached XP level 4. HP: 31/31 MP: 4/4
  1545 | D:3      | XOM: silly message
  1547 | D:3      | XOM: noise
  1551 | D:3      | HP: 1/31 [orc wizard/magic dart (10)]
  1553 | D:3      | Slain by an adder

Illustrated notes

Levels and vault maps discovered:
D:1:      zelgadis_glass_arrival_small, layout_rooms
D:2:      layout_basic
D:3:      layout_rooms, grunt_decor_fettered

Skill      XL: |  1  2 |
---------------+-------+-----
Dodging        | 3 |  3.6
Unarmed Combat | 1 |  1.7
Fighting       | |  3.5
Polearms       | |  3.0

Action                   |  1- 3 |  4- 6 || total
-------------------------+-------+-------++-------
Melee: Spear             |    82 |    17 ||    99
       Constrict         |    19 |     3 ||    22
       Tentacles         |    10 |     2 ||    12
 Stab: Sleeping          |     5 |     3 ||     8
       Paralysed         |     1 |       ||     1
Armor: Skin              |     3 |     3 ||     6
Dodge: Dodged            |    33 |    12 ||    45

Table legend: (Time is in decaauts)
 A = Elapsed time spent in this place.
 B = Non-inter-level travel time spent in this place.
 C = Inter-level travel time spent in this place.
 D = Time resting spent in this place.
 E = Time spent auto-exploring this place.
 F = Levels seen in this place.
 G = Mean time per level.
                   A        B        C        D        E       F      G
               +--------+--------+--------+--------+--------+-----+--------+
         Total |   1549 |   1511 |     38 |      0 |   1260 |   3 |  516.3 |
       Dungeon |   1549 |   1511 |     38 |      0 |   1260 |   3 |  516.3 |
               +--------+--------+--------+--------+--------+-----+--------+

Top non-repeatable levels by time:
     D:2: 937 daAuts
     D:1: 595 daAuts
     D:3: 16 daAuts
